 Dungeon Crawl Stone Soup version 0.30-a0-358-g0d69a1922f (webtiles) character file.

Game seed: 18321456980527164229

1684 IdlyInterested the Fighter (level 8, -2/35 (68) HPs)
             Began as a Demonspawn Wanderer on Nov 9, 2022.
             Slain by an orc warrior
             ... wielding a +0 mace
              (5 damage)
             ... on level 6 of the Dungeon.
             The game lasted 00:21:57 (5293 turns).

IdlyInterested the Fighter (Demonspawn Wanderer)    Turns: 5293, Time: 00:21:57

HP:   -2/35 (68)    AC: 12    Str: 11    XL:     8   Next: 71%
MP:   13/13         EV: 10    Int: 15    God:
Gold: 365           SH:  0    Dex: 15    Spells: 13/14 levels left

rFire   . . .      SeeInvis .    x - staff of cold
rCold   + + +      Faith    .    (no shield)
rNeg    . . .      Spirit   .    w - +5 ring mail "Fozxixex" {rC++ Will+}
rPois   .          Reflect  .    (no helmet)
rElec   .          Harm     .    d - +0 cloak
rCorr   .          Rampage  .    j - +0 pair of gloves
Will    +....                    (no boots)
Stlth   +.........               e - amulet of regeneration
HPRegen 1.05/turn                (no ring)
MPRegen 0.13/turn                (no ring)

@: mighty, very heavily drained
A: ignite blood 1, weakness stinger 2
a: no special abilities


You were on level 6 of the Dungeon.
You visited 2 branches of the dungeon, and saw 7 of its levels.

You collected 365 gold pieces.

Inventory:

Hand Weapons
 f - a +0 quarterstaff
 h - a +3 dagger
 k - a +0 spear of electrocution
 l - a +3 mace of protection
 y - a +2 dagger of venom
 D - a +0 dagger of speed
Missiles
 p - 3 atropa-tipped darts
 q - 5 javelins
 t - 4 poisoned darts
 A - 5 boomerangs
Armour
 d - a +0 cloak (worn)
 j - a +0 pair of gloves (worn)
 o - a +1 robe of fire resistance
 w - the +5 ring mail "Fozxixex" (worn) {rC++ Will+}
   (You found it on level 4 of the Dungeon)

   rC:        It greatly protects you from cold.
   Will:      It increases your willpower.
Magical Staves
 x - a staff of cold (weapon)
Jewellery
 c - an amulet of faith
 e - an amulet of regeneration (around neck)
 B - a ring of protection from cold
Wands
 i - a wand of roots (2)
Scrolls
 a - 3 scrolls of poison
 b - 3 scrolls of butterflies
 g - a scroll of teleportation
 C - a scroll of torment {unknown}
Potions
 m - 3 potions of curing
 s - a potion of haste
 u - 2 potions of attraction
 v - a potion of lignification {unknown}
 z - a potion of invisibility {unknown}
 E - a potion of brilliance {unknown}
 F - a potion of cancellation {unknown}


   Skills:
 + Level 8.0 Fighting
 + Level 3.4 Staves
 - Level 2.0 Dodging
 * Level 3.5 Spellcasting
 - Level 4.0 Conjurations
 - Level 4.0 Necromancy
 * Level 1.3 Ice Magic
 - Level 2.0 Earth Magic
 - Level 2.0 Evocations


You had 13 spell levels left.
You knew the following spells:

 Your Spells              Type           Power      Damage    Failure   Level
a - Kiss of Death         Conj/Necr      56%        2d9       9%          1

Your spell library contained the following spells:

 Spells                   Type           Power      Damage    Failure   Level
 Sublimation of Blood     Necr           14%        N/A       14%         2
 Sandblast                Erth           16%        2d6       21%         1
 Freeze                   Ice            40%        1d6       26%         1
 Vampiric Draining        Necr           14%        2d7       26%         3
 Stone Arrow              Conj/Erth      22%        3d8       38%         3
 Apportation              Tloc           4%         N/A       43%         1
 Passwall                 Tmut/Erth      4%         N/A       43%         2
 Hailstorm                Conj/Ice       16%        3d6       43%         3
 Wereblood                Tmut           2%         N/A       56%         2
 Frozen Ramparts          Ice            20%        1d4       63%         3
 Animate Armour           Summ/Erth      10%        N/A       97%         4
 Alistair's Intoxication  Tmut/Pois      1%         N/A       100%        5
 Summon Hydra             Summ           1%         N/A       100%        7


Dungeon Overview and Level Annotations

Branches:
Dungeon (6/15)             Temple (1/1) D:5

Altars:
Ashenzari
Cheibriados
Dithmenos
Fedhas
Gozag
Hepliaklqana
Makhleb
Okawaru
Qazlal
Ru
Sif Muna
Uskayaw
Vehumet
Wu Jian
Xom
Yredelemnul

Annotations:
D:6 1 transporter, baller8008's ghost, novice AtFi


Innate Abilities, Weirdness & Mutations

Your demonic aura sometimes causes spilled blood to erupt in flames.
You have a tail ending in a sharp stinger.


Message History

You feel very mighty all of a sudden. The orc misses you.
Something hits you but does no damage. The orc hits you but does no damage.
A magic dart appears from out of thin air!
The magic dart hits something.
Reactivating autopickup.
You feel a bit more experienced.
The orc warrior hits you with a +0 mace.
Something hits you but does no damage.
Deactivating autopickup; reactivate with Ctrl-A.
You closely miss the orc warrior.
You tail-slap the orc warrior, but do no damage.
The orc warrior is severely wounded.
The orc completely misses you. The orc hits you but does no damage.
The orc warrior hits you with a +0 mace.
Something hits you but does no damage.
The orc warrior hits you with a +0 short sword.
You hit the orc warrior.
Your tail-slap misses the orc warrior.
The orc warrior is severely wounded.
The orc hits you but does no damage. x2; Something hits you.
The orc warrior hits you but does no damage.
The orc warrior hits you with a +0 short sword!
* * * LOW HITPOINT WARNING * * *
The orc hits you but does no damage.
You closely miss the orc warrior.
The orc warrior is severely wounded.
The orc closely misses you. Something hits you but does no damage.
The orc warrior hits you with a +0 short sword.
* * * LOW HITPOINT WARNING * * *
Unknown command.
You hit the orc warrior.
The orc warrior is severely wounded.
The orc hits you but does no damage. Something hits you but does no damage.
Baller8008's ghost grins evilly.
You closely miss the orc warrior.
The orc warrior is severely wounded.
The orc hits you with a +0 hand axe.
* * * LOW HITPOINT WARNING * * *
The orc warrior hits you with a +0 mace.
You die...

...........#
~≈....~~~~~~~~≈~~≈###
~....~≈≈≈≈≈≈≈≈≈≈≈≈≈≈
~....~~≈~~~~~~~~~≈~~
........).....)....
###........†..<...#
##..o{g.)#............
#..oo)#########..#.##.
#..oo@#O..... ...# .#
####oo#O#..#. .... #
###..#OW# #.....
#....#O.# ###...
####...©#$#..# .###
##.......#[....©
#.......©#.#..#.
##.......#..##..
#.......#..# .


You could see 2 orc warriors, 4 ogres, an orc priest, an orc wizard,
baller8008's ghost, a gnoll and 3 orcs.

Vanquished Creatures
  Sigmund (D:2)
  A water moccasin (D:6)
  An ice beast (D:5)
  3 ogres
  A centaur (D:4)
  A gnoll sergeant (D:6)
  A necrophage (D:4)
  A howler monkey (D:6)
  2 jellies (D:5)
  7 hounds
  A gnoll bouda (D:4)
  An orc priest (D:4)
  Jessica (D:3)
  2 iguanas (D:5)
  Natasha (thrice) (D:2)
  3 orc wizards
  9 gnolls
  7 adders
  2 ufetubi (D:5)
  4 worms
  A dart slug (D:4)
  7 orcs
  7 endoplasms
  4 giant cockroaches
  8 hobgoblins
  8 jackals
  6 kobolds
  2 quokkas
  7 ball pythons
  2 bats (D:1)
  2 frilled lizards (D:1)
  9 goblins
  3 rats
118 creatures vanquished.

Vanquished Creatures (others)
  An orc wizard (D:6)
1 creature vanquished.

Grand Total: 119 creatures vanquished

Notes
Turn   | Place    | Note
-------+----------+-------------------------------------------
     0 | D:1      | IdlyInterested the Demonspawn Wanderer began the quest for
                  | the Orb.
     0 | D:1      | IdlyInterested set off with the following items: a +0
                  | dagger, a scroll of butterflies, a +0 robe, a +0 cloak; and
                  | the following spells available to memorise: Sandblast, Kiss
                  | of Death, Vampiric Draining, Passwall, Animate Armour.
     0 | D:1      | Reached XP level 1. HP: 15/15 MP: 3/3
    30 | D:1      | Learned a level 1 spell: Kiss of Death
   242 | D:1      | Gained mutation: You have a small tail. [demonic ancestry]
   242 | D:1      | Reached XP level 2. HP: 9/11 MP: 0/5
   543 | D:1      | Found a faded altar of an unknown god.
  1030 | D:1      | Gained mutation: Your demonic aura sometimes causes spilled
                  | blood to erupt in flames. [demonic ancestry]
  1030 | D:1      | Reached XP level 3. HP: 18/19 MP: 6/6
  1369 | D:2      | Reached skill level 2 in Fighting
  1395 | D:2      | Noticed Natasha
  1403 | D:2      | Killed Natasha
  1404 | D:2      | Reached skill level 1 in Conjurations
  1439 | D:2      | Noticed Natasha
  1445 | D:2      | Killed Natasha
  1446 | D:2      | Reached XP level 4. HP: 13/27 MP: 5/7
  1533 | D:2      | Noticed Sigmund
  1538 | D:2      | Killed Sigmund
  1539 | D:2      | Reached skill level 4 in Fighting
  1539 | D:2      | Reached XP level 5. HP: 14/42 MP: 4/8
  1645 | D:2      | Noticed Natasha
  1650 | D:2      | Killed Natasha
  1651 | D:2      | Gained mutation: You have a tail ending in a sharp stinger.
                  | [demonic ancestry]
  1651 | D:2      | Reached XP level 6. HP: 49/49 MP: 9/9
  2080 | D:3      | Noticed Jessica
  2083 | D:3      | Killed Jessica
  2321 | D:3      | Reached skill level 5 in Fighting
  3018 | D:4      | Reached XP level 7. HP: 41/57 MP: 10/10
  3084 | D:4      | Reached skill level 6 in Fighting
  3372 | D:4      | Identified the +5 ring mail "Fozxixex" {rC++ Will+}
  3568 | D:4      | Reached skill level 7 in Fighting
  3804 | D:5      | Entered Level 5 of the Dungeon
  3829 | D:5      | Reached skill level 1 in Evocations
  3865 | D:5      | Reached XP level 8. HP: 48/67 MP: 10/12
  3946 | D:5      | Found a staircase to the Ecumenical Temple.
  3995 | D:5      | Reached skill level 1 in Staves
  4491 | D:5      | Found a radiant altar of Vehumet.
  4491 | D:5      | Found an ornate altar of the Wu Jian Council.
  4789 | Temple   | Entered the Ecumenical Temple
  5075 | D:6      | Reached skill level 1 in Ice Magic
  5206 | D:6      | Reached skill level 8 in Fighting
  5242 | D:6      | Found a transporter.
  5244 | D:6      | Noticed baller8008's ghost (novice AtFi)
  5293 | D:6      | Slain by an orc warrior

Illustrated notes

Levels and vault maps discovered:
D:1:      minmay_arrival_statue_studded, layout_loops_corners,
          shapermc_ecumenical_altar_pompeii
D:2:      layout_rooms, basic_altar, uniq_sigmund, uniq_natasha
D:3:      cheibrodos_old_hovel, layout_loops_ring, hex_tiny, uniq_jessica
D:4:      layout_loops_corners
D:5:      layout_gridville, gammafunk_temple_overflow_elements,
          minmay_temple_entry_waves
D:6:      lemuel_castle_with_subvaults [lemuel_castle_interior_original],
          layout_cave_pools, gammafunk_ghost_smash, hex_large, st_stairs_12
Temple:   bh_familiar_temple

Skill      XL: |  1  2  3  4  5  6  7  8 |
---------------+-------------------------+-----
Earth Magic    | 2 |  2.0
Dodging        | 2 |  2.0
Necromancy     | 4 |  4.0
Fighting       | 2 4 5 7 8 |  8.0
Conjurations   | 1 2 3 4 |  4.0
Evocations     | 1 2 |  2.0
Staves         | 3 |  3.4
Spellcasting   | 3 |  3.5
Ice Magic      | 1 |  1.3

Action                   |  1- 3 |  4- 6 |  7- 9 || total
-------------------------+-------+-------+-------++-------
Melee: Dagger            |    78 |       |       ||    78
       Punch             |     2 |     1 |     1 ||     4
       Short sword       |    48 |       |       ||    48
       Tailslap          |    16 |    18 |    46 ||    80
       Spear             |    35 |     6 |       ||    41
       Mace              |       |    85 |    63 ||   148
       Staff             |       |       |   279 ||   279
Throw: Dart              |       |       |     4 ||     4
 Cast: Kiss of Death     |     5 |     2 |     7 ||    14
Evoke: Wand              |       |       |     3 ||     3
  Use: Scroll            |     2 |     8 |     3 ||    13
       Potion            |       |       |     3 ||     3
 Stab: Sleeping          |       |     2 |       ||     2
Armor: Robe              |     8 |    18 |    39 ||    65
       Ring mail         |    65 |    15 |   192 ||   272
       Scale mail        |     6 |       |       ||     6
Dodge: Dodged            |   108 |    53 |   238 ||   399

Table legend: (Time is in decaauts)
 A = Elapsed time spent in this place.
 B = Non-inter-level travel time spent in this place.
 C = Inter-level travel time spent in this place.
 D = Time resting spent in this place.
 E = Time spent auto-exploring this place.
 F = Levels seen in this place.
 G = Mean time per level.
                   A        B        C        D        E       F      G
               +--------+--------+--------+--------+--------+-----+--------+
         Total |   5409 |   4976 |    433 |    559 |   2675 |   7 |  772.7 |
       Dungeon |   5233 |   4812 |    421 |    559 |   2551 |   6 |  872.2 |
        Temple |    176 |    164 |     12 |      0 |    124 |   1 |  176.0 |
               +--------+--------+--------+--------+--------+-----+--------+

Top non-repeatable levels by time:
     D:1: 1350 daAuts
     D:4: 1148 daAuts
     D:5: 1042 daAuts
     D:3: 737 daAuts
     D:2: 682 daAuts
     D:6: 272 daAuts
  Temple: 176 daAuts
